 Dungeon Crawl Stone Soup version 0.16.1-16-gc44b35d (webtiles) character file.

54 jacksonaction the Shield-Bearer (level 3, 0/33 HPs)
             Began as a Hill Orc Fighter on Apr 15, 2015.
             Slain by an adder (1 damage)
             ... on level 3 of the Dungeon.
             The game lasted 00:15:21 (2322 turns).

jacksonaction the Shield-Bearer (Hill Orc Fighter)  Turns: 2322, Time: 00:15:21

Health: 0/33       AC: 11    Str: 24    XL:     3   Next: 91%
Magic:  3/3        EV:  7    Int: 13    God:
Gold:   167        SH: 15    Dex: 11    Spells: 0 memorised, 2 levels left

rFire  . . .     SeeInvis .     a - +0 long sword
rCold  . . .     Clarity  .     b - +0 scale mail
rNeg   . . .     SustAb   .     s - +0 large shield
rPois  .         Gourm    .     (no helmet)
rElec  .         Spirit   .     (no cloak)
rCorr  .         Warding  .     (no gloves)
rMut   .         Stasis   .     (no boots)
MR     .....                    l - amulet of inaccuracy (curse)
Stlth  ..........               (no ring)
                                (no ring)

@: mighty, brilliant, lethally poisoned (0 -> -3), not resistant to hostile
enchantments, extremely unstealthy
A: repulsion field 1, rough black scales 1, thin skeletal structure 1
a: no special abilities


You were on level 3 of the Dungeon.
You were hungry.

You visited 1 branch of the dungeon, and saw 3 of its levels.

You collected 167 gold pieces.

Inventory:

Hand weapons
 a - a +0 long sword (weapon)
Missiles
 x - 4 tomahawks (quivered)
 y - 8 needles of frenzy
Armour
 b - a +0 scale mail (worn)
 s - a +0 large shield (worn)
Jewellery
 l - a cursed amulet of inaccuracy (around neck)
 p - a +3 ring of strength {unknown}
Magical devices
 i - a wand of slowing (21)
Scrolls
 f - 2 scrolls of teleportation
 h - a scroll of identify
 j - a scroll of recharging
 k - a scroll of amnesia
 o - a scroll of noise {unknown}
 r - a scroll of remove curse {unknown}
 v - 2 scrolls of enchant weapon
Potions
 n - a potion of degeneration {unknown}
 q - a potion of brilliance
 t - a potion of lignification {unknown}
 u - a potion of haste {unknown}
 z - a potion of cancellation {unknown}
 A - a potion of magic {unknown}
 B - a potion of invisibility {unknown}
Books
 w - a book of Spatial Translocations

   Spells                             Type                      Level
   a - Apportation                    Translocation                1
   b - Blink                          Translocation                2
   c - Shroud of Golubria             Charms/Translocation         2
   d - Portal Projectile              Translocation                3
   e - Teleport Other                 Translocation                3
   f - Passage of Golubria            Translocation                4
Comestibles
 d - a meat ration
 m - 2 chunks of flesh


   Skills:
 + Level 3.8 Fighting
 + Level 2.9 Long Blades
 + Level 3.8 Armour
 + Level 4.1 Shields


You had 2 spell levels left.
You didn't know any spells.

Dungeon Overview and Level Annotations

Branches:
Dungeon (3/15)

Altars:
Okawaru


Innate Abilities, Weirdness & Mutations

You are surrounded by a mild repulsion field (EV +2).
You are partially covered in rough black scales (AC +4, Dex -1).
You have a somewhat thin skeletal structure (Dex +2, Stealth).


Message History

You miss the adder.
The adder is severely wounded.
The adder bites you.
* * * LOW HITPOINT WARNING * * *
You are lethally poisoned!
The adder poisons you! The adder closely misses you.
You miss the adder.
The adder is severely wounded.
* * * LOW HITPOINT WARNING * * *
You feel sick. The adder bites you but does no damage.
You block the adder's attack.
You closely miss the adder.
The adder is severely wounded.
* * * LOW HITPOINT WARNING * * *
You feel sick. You block the adder's attack.
You miss the adder.
The adder is severely wounded.
* * * LOW HITPOINT WARNING * * *
You feel sick. You block the adder's attack. The adder bites you.
You die...

#.........†.#...
###............
##.##.######..
##########....(# .#
.(((.........#### ###
.......####.## #
........###.# ##
.......S.....## ##.
####@...<.#########..
#.####.........#..
#..###########...#
##..###########...
##...............
#############... #...
#... ##..


You could see an adder.

Vanquished Creatures
  3 worms (D:2)
  A giant gecko (D:2)
  3 giant cockroaches (D:2)
  3 goblins (D:2)
  3 hobgoblins
  4 jackals (D:3)
  7 kobolds
  A ball python (D:3)
  4 bats
  3 giant newts
  A quokka (D:2)
  6 rats
39 creatures vanquished.

Notes
Turn   | Place    | Note
--------------------------------------------------------------
     0 | D:1      | jacksonaction, the Hill Orc Fighter, began the quest for the Orb.
     0 | D:1      | Reached XP level 1. HP: 19/19 MP: 1/1
   358 | D:1      | Reached XP level 2. HP: 27/27 MP: 2/2
  1489 | D:2      | Reached XP level 3. HP: 33/33 MP: 3/3
  1718 | D:2      | Reached skill level 4 in Shields
  2207 | D:3      | Found an iron altar of Okawaru.
  2312 | D:3      | HP: 1/33 [poisoned by an adder]
  2313 | D:3      | Gained mutation: You have a somewhat thin skeletal structure (Dex +2, Stealth). [potion of mutation]
  2313 | D:3      | Gained mutation: You are partially covered in rough black scales (AC +4, Dex -1). [potion of mutation]
  2313 | D:3      | Gained mutation: You are surrounded by a mild repulsion field (EV +2). [potion of mutation]
  2322 | D:3      | HP: 1/33 [poisoned by an adder]
  2322 | D:3      | Slain by an adder

Action                   || total
-------------------------++-------
Melee: Long sword        ||   377
Throw: Tomahawk          ||    25
  Use: Scroll            ||     5
       Potion            ||     4
  Eat: Chunk             ||     5
